 Dungeon Crawl Stone Soup version 0.23-a0-375-g66a18ee (webtiles) character file.

188 BingusPrime the Bolt Thrower (level 5, 0/45 HPs)
             Began as a Deep Dwarf Hunter on Oct 26, 2018.
             Slain by a worker ant (1 damage)
             ... on level 4 of the Dungeon.
             The game lasted 00:08:13 (2065 turns).

BingusPrime the Bolt Thrower (Deep Dwarf Hunter)    Turns: 2065, Time: 00:08:14

Health: 0/45       AC:  3    Str: 15    XL:     5   Next: 39%
Magic:  5/5        EV: 13    Int: 12    God:
Gold:   167        SH:  0    Dex: 20    Spells: 4/4 levels left

rFire    . . .     SeeInvis +   v - +3 dagger
rCold    . . .     Gourm    .   (no shield)
rNeg     . . .     Faith    .   c - +0 leather armour
rPois    .         Spirit   .   (no helmet)
rElec    .         Reflect  .   (no cloak)
rCorr    .         Harm     .   (no gloves)
MR       .....                  (no boots)
Stlth    ++........             (no amulet)
HPRegen  0.00/turn              j - ring of see invisible
MPRegen  0.09/turn              s - +6 ring of dexterity

@: lethally poisoned (0 -> 0), non-regenerating
A: damage resistance, heal wounds, sense surroundings 1, no regeneration
a: Heal Wounds


You were on level 4 of the Dungeon.
You were not hungry.

You visited 1 branch of the dungeon, and saw 4 of its levels.

You collected 167 gold pieces.

Inventory:

Hand Weapons
 a - a +1 hand crossbow
 v - a +3 dagger (weapon)
Armour
 c - a +0 leather armour (worn)
Jewellery
 j - a ring of see invisible (left hand)
 m - an uncursed ring of positive energy
 p - an uncursed ring of resist corrosion
 r - a +4 ring of intelligence
 s - a +6 ring of dexterity (right hand)
Wands
 o - a wand of scattershot (5)
Scrolls
 d - 2 scrolls of magic mapping {unknown}
 e - 3 scrolls of teleportation {unknown}
 h - 2 scrolls of enchant armour {unknown}
 i - 2 scrolls of remove curse {unknown}
 n - 3 scrolls of identify {unknown}
 x - a scroll of blinking {unknown}
Potions
 g - 2 potions of might
 k - a potion of agility {unknown}
 l - 2 potions of curing {unknown}
 q - 2 potions of haste {unknown}
 u - 2 potions of flight {unknown}
Comestibles
 f - 6 rations


   Skills:
 + Level 2.1 Fighting
 + Level 1.1 Short Blades
 * Level 6.6 Crossbows
 + Level 1.5 Armour
 + Level 2.3 Dodging
 + Level 1.3 Stealth


You had 4 spell levels left.
You didn't know any spells.
Your spell library contained the following spells:

 Spells                   Type           Power        Failure   Level  Hunger
 Animate Skeleton         Necr           N/A          38%         1    ##.....
 Apportation              Tloc           #.....       38%         1    ##.....
 Confusing Touch          Hex            #.....       38%         1    ##.....
 Summon Small Mammal      Summ           #...         38%         1    ##.....


Dungeon Overview and Level Annotations

Branches:
Dungeon (4/15)
 Temple: D:4-7

Altars:
Ashenzari


Innate Abilities, Weirdness & Mutations

You are resistant to damage.
You can heal yourself by infusing magical energy.
You passively map a small area around you.
You do not regenerate.


Message History

You hit the worker ant but do no damage.
The worker ant is heavily wounded.
The worker ant closely misses you.
You hit the worker ant.
The worker ant is severely wounded.
The worker ant misses you.
You closely miss the worker ant.
The worker ant is severely wounded.
The worker ant bites you!
* * * LOW HITPOINT WARNING * * *
You barely miss the worker ant.
The worker ant is severely wounded.
The worker ant bites you!
* * * LOW HITPOINT WARNING * * *
The worker ant bites you.
* * * LOW HITPOINT WARNING * * *
You hit the worker ant.
The worker ant is almost dead.
The worker ant bites you.
You die...

, ##.....##* * ,
#.......##. **
#....?.... , , .......#
, *....%# * , * ....
#.#############.#####.#
*
..............)@a...((#
.#####.###############
* #.# ....# #.# #...#
#.# #...# #.# #...# #.#
#...# #.# #...# #.#


You could see a worker ant.

Vanquished Creatures
  An orc wizard (D:3)
  An iguana (D:3)
  5 adders
  An ooze (D:2)
  An adder zombie (D:3)
  2 worms (D:2)
  2 dart slugs (D:3)
  3 leopard geckos
  4 orcs (D:3)
  13 bats
  5 giant cockroaches
  9 goblins
  5 hobgoblins
  A quokka (D:3)
  2 ball pythons
  2 frilled lizards
  3 kobolds
  8 rats
68 creatures vanquished.

Notes
Turn   | Place    | Note
-------+----------+-------------------------------------------
     0 | D:1      | BingusPrime the Deep Dwarf Hunter began the quest for the
                  | Orb.
     0 | D:1      | Reached XP level 1. HP: 19/19 MP: 1/1
   225 | D:1      | Reached XP level 2. HP: 26/26 MP: 2/2
   303 | D:1      | Reached skill level 5 in Crossbows
   745 | D:2      | Reached XP level 3. HP: 32/32 MP: 3/3
  1178 | D:2      | Reached skill level 1 in Armour
  1178 | D:2      | Reached XP level 4. HP: 36/39 MP: 4/4
  1317 | D:2      | Reached skill level 6 in Crossbows
  1336 | D:2      | Found a shattered altar of Ashenzari.
  1741 | D:3      | Reached skill level 1 in Short Blades
  1784 | D:3      | Reached XP level 5. HP: 39/45 MP: 5/5
  2064 | D:4      | HP: 1/45 [worker ant (2)]
  2065 | D:4      | Slain by a worker ant

Vault maps used:
D:1:      eino_arrival_tree_alley
D:2:      lemuel_coloured_pillars_altar, minmay_stone_trees_small,
          minmay_heptomino_l4
D:4:      first_ration, minmay_misc_feat_columns, okawaru_ov_weapons_minmay

Skill      XL: |  1  2  3  4 |
---------------+-------------+-----
Crossbows      | 5 6 |  6.6
Armour         | 1 |  1.5
Short Blades   | 1 |  1.1
Fighting       | 2 |  2.1
Dodging        | |  2.3
Stealth        | |  1.3

Action                   |  1- 3 |  4- 6 || total
-------------------------+-------+-------++-------
Melee: Short sword       |    18 |    50 ||    68
       Dagger            |       |    13 ||    13
 Fire: Hand crossbow     |    82 |    54 ||   136
 Abil: Heal Wounds       |       |     1 ||     1
  Use: Potion            |       |     1 ||     1
  Eat: Chunk             |     1 |     3 ||     4
Armor: Leather armour    |    12 |    43 ||    55
Dodge: Dodged            |    45 |   120 ||   165

Table legend:
 A = Non-vault XP
 B = Vault XP
 C = Vault XP percentage of total XP
 D = Non-vault monster count
 E = Vault monster count
 F = Vault count percentage of total count
                 A         B        C        D         E       F
            +---------+---------+-------+---------+---------+-------
      Total |     258 |      11 |   4.1 |      65 |       3 |   4.4
            +---------+---------+-------+---------+---------+-------
        D:1 |      26 |       0 |   0.0 |      14 |       0 |   0.0
        D:2 |      75 |      11 |  12.8 |      23 |       3 |  11.5
        D:3 |     157 |       0 |   0.0 |      28 |       0 |   0.0
            +---------+---------+-------+---------+---------+-------
